 Dungeon Crawl Stone Soup version 0.23.2 (webtiles) character file.

Game seed: 13822838659019119425

191 Borgoz the Shield-Bearer (level 6, -1/63 HPs)
             Began as a Halfling Fighter on Apr 9, 2019.
             Killed by divine providence
             ... invoked by an orc priest
              (13 damage)
             ... on level 6 of the Dungeon.
             The game lasted 00:03:08 (2346 turns).

Borgoz the Shield-Bearer (Halfling Fighter)         Turns: 2346, Time: 00:03:09

Health: -1/63      AC:  9    Str: 22    XL:     6   Next: 2%
Magic:  6/6        EV: 12    Int:  6    God:
Gold:   166        SH: 10    Dex: 16    Spells: 5/5 levels left

rFire    . . .     SeeInvis .   a - +0 rapier
rCold    . . .     Gourm    .   c - +0 shield
rNeg     . . .     Faith    .   q - +0 ring mail {MR+}
rPois    .         Spirit   .   (no helmet)
rElec    .         Reflect  .   (no cloak)
rCorr    .         Harm     .   j - +2 pair of gloves
MR       +....                  (no boots)
Stlth    ..........             (no amulet)
HPRegen  0.20/turn              (no ring)
MPRegen  0.10/turn              (no ring)

@: mighty, berserking (expiring), very quick
A: small, mutation resistance 1
a: no special abilities


You were on level 6 of the Dungeon.
You were not hungry.

You visited 1 branch of the dungeon, and saw 4 of its levels.

You collected 166 gold pieces.

Inventory:

Hand Weapons
 a - a +0 rapier (weapon)
Armour
 c - a +0 shield (worn)
 j - a +2 pair of gloves (worn)
 q - a +0 ring mail of magic resistance (worn)
Scrolls
 g - 2 scrolls of magic mapping {unknown}
 h - a scroll of enchant armour {unknown}
 i - a scroll of amnesia {unknown}
 l - a scroll of teleportation {unknown}
 r - a scroll of noise {unknown}
 t - 3 scrolls of identify {unknown}
Potions
 b - a potion of flight {unknown}
 d - a potion of might
 e - a potion of berserk rage
 k - a potion of lignification {unknown}
 m - a potion of invisibility {unknown}
 n - 2 potions of haste {unknown}
 o - 2 potions of curing {unknown}
 p - a potion of heal wounds {unknown}
Comestibles
 f - 4 rations
 s - 3 chunks of flesh


   Skills:
 + Level 3.4 Fighting
 + Level 3.7 Short Blades
 + Level 4.2 Armour
 + Level 2.3 Dodging
 + Level 4.2 Shields


You had 5 spell levels left.
You didn't know any spells.
Your spell library was empty.

Dungeon Overview and Level Annotations

Branches:
Dungeon (3/15)

Altars:
Gozag
Hepliaklqana
Nemelex Xobeh


Innate Abilities, Weirdness & Mutations

You are small and have problems with some larger weapons.
You are somewhat resistant to further mutation.


Message History

You closely miss the adder. You miss the adder. The adder barely misses you.
You miss the adder. You block the adder's attack.
You closely miss the adder. The adder misses you.
You puncture the adder!
You kill the adder!
You have reached level 6!
Your experience leads to an increase in your attributes!
Your base attributes are Str 17, Int 6, Dex 15.
Increase (S)trength, (I)ntelligence, or (D)exterity?
You feel agile. The orc barely misses you.
Things that are here:
a +0 leather armour; an adder corpse; an orc corpse You closely miss the orc.
You puncture the orc!
You kill the orc!
The orc priest calls down the wrath of Beogh upon you.
Beogh smites you!
You die...

#. .# .### ## # ..# ##.
#.# #.# ##.. .. ##.##
##...
...##.#######...####....
.....o)@...........'...รท
.>..#o####.##....###....
. # #.###.#.# ##... #.#
#.#.# ##.. #.# #.#.# ##.
#.###.#.# ## #.......#
#####.### #...


You could see an orc priest and an orc.

Vanquished Creatures
  A bullfrog zombie (D:2)
  An iguana (D:2)
  7 adders
  2 worms (D:3)
  3 dart slugs
  A leopard gecko (D:3)
  4 orcs
  2 ball pythons
  5 bats
  A giant cockroach (D:1)
  11 hobgoblins
  A quokka (D:3)
  2 frilled lizards
  4 goblins
  A jackal skeleton (D:3)
  6 kobolds
  8 rats
60 creatures vanquished.

Notes
Turn   | Place    | Note
-------+----------+-------------------------------------------
     0 | D:1      | Borgoz the Halfling Fighter began the quest for the Orb.
     0 | D:1      | Reached XP level 1. HP: 15/15 MP: 1/1
   334 | D:1      | Reached XP level 2. HP: 19/20 MP: 2/2
   508 | D:1      | Reached skill level 1 in Dodging
   522 | D:1      | Reached XP level 3. HP: 24/25 MP: 3/3
   811 | D:2      | Reached XP level 4. HP: 31/31 MP: 4/4
   959 | D:2      | Found an opulent altar of Gozag.
  1202 | D:2      | Reached XP level 5. HP: 32/36 MP: 5/5
  1738 | D:3      | Found a sparkling altar of Nemelex Xobeh.
  1739 | D:3      | Found a hazy altar of Hepliaklqana.
  2288 | D:3      | You fall through a shaft for 3 floors!
  2343 | D:6      | Reached XP level 6. HP: 11/42 MP: 6/6
  2346 | D:6      | Killed from afar by an orc priest

Skill      XL: |  1  2  3  4  5 |
---------------+----------------+-----
Dodging        | 1 2 |  2.3
Fighting       | 3 |  3.4
Short Blades   | 3 |  3.7
Armour         | 4 |  4.2
Shields        | 4 |  4.2

Action                   |  1- 3 |  4- 6 || total
-------------------------+-------+-------++-------
Melee: Rapier            |    67 |   168 ||   235
  Use: Potion            |       |     2 ||     2
  Eat: Chunk             |       |     5 ||     5
Armor: Scale mail        |    24 |    42 ||    66
       Ring mail         |       |    28 ||    28
Dodge: Dodged            |    30 |    67 ||    97
Block: Shield            |    39 |    71 ||   110
